 Dungeon Crawl Stone Soup version 0.16-a0-1183-g5b05a17 (webtiles) character file.

54292 Hodglim the Thaumaturge (level 14, -3/88 HPs)
             Began as a High Elf Conjurer on Oct 10, 2014.
             Was the Champion of Vehumet.
             Slain by an ice dragon (11 damage)
             ... on level 8 of the Lair of Beasts.
             The game lasted 04:47:16 (30412 turns).

Hodglim the Thaumaturge (High Elf Conjurer)        Turns: 30412, Time: 04:47:16

Health: -3/88      AC: 16    Str: 12    XL:     14   Next: 34%
Magic:  28/36      EV: 10    Int: 30    God:    Vehumet [******]
Gold:   2046       SH:  0    Dex: 17    Spells: 9 memorised, 9 levels left

rFire  . . .     SeeInvis +     b - +3 quarterstaff of Subterfuge {distort, rElec SInv}
rCold  . . .     Clarity  .     R - +2 scale mail {rPois}
rNeg   . . .     SustAb   .     (no shield)
rPois  +         Gourm    .     c - +2 hat
rElec  +         Spirit   .     s - +1 cloak
rCorr  .         Warding  .     I - +0 pair of gloves
rMut   .         Stasis   .     W - +0 pair of boots
MR     +....                    O - amulet of Trebb {Str+5 Int+4 Regen}
Stlth  +.........               N - cursed -3 ring of slaying
                                u - +2 ring of intelligence

@: somewhat resistant to hostile enchantments, very unstealthy
A: no striking features
a: Renounce Religion


You were on level 8 of the Lair of Beasts.
You worshipped Vehumet.
Vehumet was exalted by your worship.
You were not hungry.

You visited 4 branches of the dungeon, and saw 22 of its levels.
You also visited: Bailey.

You collected 2487 gold pieces.
You spent 441 gold pieces at shops.

Inventory:

Hand weapons
 b - the +3 quarterstaff of Subterfuge (weapon) {distort, rElec SInv}
   (You found it on level 3 of the Lair of Beasts)

   It warps and distorts space around it.
   Unwielding it can cause banishment or high damage.
   It insulates you from electricity.
   It enhances your eyesight.
 A - a +0 long sword of holy wrath
 D - a +3 falchion of slicing
 Q - a +0 scimitar of electrocution
Armour
 c - a +2 hat (worn)
 s - a +1 cloak (worn)
 t - the -2 large shield of Imperfection {+Blink +Rage MR++}
   (You found it on level 4 of the Dungeon)

   It affects your resistance to hostile enchantments.
   It lets you blink.
   It lets you go berserk.
 I - a +0 pair of gloves (worn)
 R - a +2 scale mail of poison resistance (worn)
 W - a +0 pair of boots (worn)
Magical devices
 e - a wand of disintegration (7)
 f - a wand of draining (0)
 h - a wand of digging (9)
 j - a wand of magic darts (25)
 m - a wand of magic darts (29)
 w - a wand of fireball (0)
 H - a wand of digging (9)
 J - a wand of slowing (20)
 L - a wand of confusion (16)
 M - a wand of fireball (1)
 S - a wand of polymorph (11)
 X - a wand of enslavement (9)
Comestibles
 i - 7 meat rations
 o - 2 chunks of crocodile flesh
 E - 11 fruits
 F - 22 beef jerkies
 P - a bread ration
Scrolls
 a - 3 scrolls of identify
 d - 2 scrolls of remove curse
 x - a scroll of enchant weapon
 y - 7 scrolls of teleportation
 K - 2 scrolls of recharging
 U - a scroll of fear {unknown}
 Y - a scroll of amnesia
Jewellery
 u - a +2 ring of intelligence (left hand)
 B - a +2 ring of intelligence
 G - a +6 ring of strength
 N - a cursed -3 ring of slaying (right hand)
 O - the amulet of Trebb (around neck) {Str+5 Int+4 Regen}
   (You found it in a bailey)

   [amulet of regeneration]

   It affects your strength (+5).
   It affects your intelligence (+4).
   It increases your rate of regeneration.
Potions
 g - a potion of restore abilities {unknown}
 n - 3 potions of cancellation {unknown}
 p - a potion of poison {unknown}
 q - a potion of invisibility {unknown}
 r - 2 potions of lignification {unknown}
 v - 6 potions of brilliance
 z - 3 potions of resistance
 C - 4 potions of curing
 T - 2 potions of might {unknown}
Books
 l - a book of Maledictions

   Spells                             Type                      Level
   Corona                             Hexes                        1
   Sure Blade                         Hexes/Charms                 2
   Ensorcelled Hibernation            Hexes/Ice                    2
   Confuse                            Hexes                        3
   Dazzling Spray                     Conjuration/Hexes            3
   Enslavement                        Hexes                        4
Magical staves
 V - an uncursed staff of wizardry {unknown}
Miscellaneous
 k - a stone of tremors


   Skills:
 - Level 5.0 Fighting
 - Level 5.9 Armour
 + Level 9.8 Dodging
 - Level 2.1 Stealth
 - Level 4.0 Shields
 - Level 13.6 Spellcasting
 + Level 11.4 Conjurations
 - Level 12.0 Charms
 - Level 11.1 Fire Magic
 + Level 2.6 Earth Magic


You had 9 spell levels left.
You knew the following spells:

 Your Spells              Type           Power        Failure   Level  Hunger
a - Flame Tongue          Conj/Fire      #####        1%          1    None
b - Searing Ray           Conj           ######       1%          2    None
c - Iskenderun's Mystic   Conj           ######..     1%          4    None
d - Magic Dart            Conj           ####         1%          1    None
e - Iskenderun's Battles  Conj/Chrm      ######..     1%          5    None
f - Stone Arrow           Conj/Erth      ######       1%          3    None
g - Sticky Flame          Conj/Fire      ######..     1%          4    None
h - Bolt of Draining      Conj/Necr      ######....   11%         5    None
i - Iron Shot             Conj/Erth      ######....   54%         6    ####...


Dungeon Overview and Level Annotations

Branches:
Dungeon (9/15)             Temple (1/1) D:6             Orc (4/4) D:9
    Elf (0/3) Orc:3          Lair (8/8) D:9           Swamp (0/5) Lair:3
 Shoals (0/5) Lair:4        Snake (0/5) Lair:4        Slime (0/6) Lair:6

Altars:
Ashenzari
Cheibriados
Dithmenos
Elyvilon
Fedhas
Gozag
Kikubaaqudgha
Makhleb
Nemelex Xobeh
Okawaru
Qazlal
Ru
Sif Muna
Trog
Vehumet
Xom
Yredelemnul
Zin
The Shining One
Beogh
Jiyva

Shops:
D:7 }   Orc:2 ??}(   Orc:3 (

Annotations:
Lair:3 exclusion: oklob plant


Message History

Your battlesphere expends the last of its energy and dissipates.
Casting: Flame Tongue
Confirm with . or Enter, or press ? or * to list all spells.
Aiming: Sticky Flame
Press: ? - help, Shift-Dir - straight line, f/p - ice dragon
Aim: an ice dragon (lightly wounded, catching its breath)
The sticky flame hits the ice dragon.
The ice dragon is burned terribly!
The ice dragon is moderately wounded.
The ice dragon is covered in liquid flames!
The ice dragon burns!
The ice dragon breathes frost at you. The blast of cold hits you!
* * * LOW HITPOINT WARNING * * *
Read which item? (? for menu, Esc to quit)
Okay, then.
Drink which item? (? for menu, Esc to quit)
You feel better.
The ice dragon burns!
The ice dragon bites you but does no damage.
The ice dragon claws you!
You die...

*##** *##.P.**** *** ##
*#.....,,,** **,, P#
###§..#**,,,,***,,, .#
##....#* ***,,,,*,,* ##
#..8##* ***,,,,** .#
##D@.## *,*,,,* .#
**#'#...## ****,,, .##
**$$####..# **,, ♣.##
*#$.$,* #..## **,, .♣.#
#$$$,,* ##..## **,,,
♣#.# #$$$,** #...#
**,,,*
...######*#$,**#####..#
***,,,*,
..P...#.####**##..#.P##
*,,,,*,* .%%......P#
###.#...## **,,,,,*


You could see an ice dragon (burning).

Vanquished Creatures
  Maud (Lair:5)
  Gastronok (Orc:1)
  The ghost of Tangento the Severer, a powerful GrFi of Okawaru (Lair:7)
  Snorg (D:9)
  Harold (Lair:7)
  4 hydras
  The ghost of Kashira the Cleaver, a powerful VSBe of Trog (Lair:3)
  5 death yaks
  Nergalle (Lair:3)
  3 orc knights (Bailey)
  3 griffons
  A cyclops (D:9)
  2 black mambas (Lair:8)
  7 elephants
  A manticore (Lair:4)
  A torpor snail (Lair:3)
  Psyche (Orc:2)
  8 spiny frogs
  3 fire drakes
  A queen ant (Lair:3)
  8 komodo dragons
  A two-headed ogre (D:8)
  8 polar bears
  3 trolls (Orc:4)
  A basilisk (Lair:8)
  9 hogs (Lair:8)
  A deep elf mage (D:9)
  17 blink frogs
  27 yaks
  A steam dragon (Lair:3)
  12 wolves (Lair:8)
  5 hippogriffs
  4 nagas (Lair:4)
  5 wargs (Lair:8)
  Edmund (D:4)
  17 water moccasins
  11 porcupines
  2 soldier ants (Lair:3)
  4 hell hounds (Lair:8)
  5 sky beasts
  A swamp drake (D:9)
  An ice beast (D:7)
  10 black bears
  20 orc warriors
  A boring beetle (Lair:8)
  A phantom (D:4)
  12 centaurs
  6 ogres
  A yellow wasp (D:9)
  A big kobold (D:8)
  Duvessa (Orc:1)
  8 crocodiles
  13 giant frogs
  8 killer bees (D:9)
  A troll zombie (D:9)
  6 scorpions
  An electric eel (Lair:8)
  Dowan (Orc:1)
  3 goliath beetles
  27 orc priests
  9 iguanas
  A centaur skeleton (D:4)
  6 crimson imps
  27 hounds
  A jelly (D:8)
  Crazy Yiuf (D:3)
  A black bear skeleton (D:4)
  A giant frog skeleton (D:7)
  4 orange rats (Lair:4)
  39 orc wizards
  17 worker ants
  A two-headed ogre skeleton (D:8)
  Natasha (thrice) (D:3)
  12 sheep (Lair:8)
  9 gnolls
  25 green rats
  A giant mite (D:4)
  2 shadow imps
  27 adders
  12 white imps (Lair:3)
  5 worms
  An iguana zombie (D:5)
  An adder skeleton (D:5)
  An iguana skeleton (D:9)
  5 giant geckos
  2 oozes
  195 orcs
  5 giant cockroaches
  A giant mite zombie (D:6)
  16 hobgoblins
  21 jackals
  4 ball pythons
  11 bats
  5 giant newts
  A giant spore (D:8)
  23 goblins
  2 hobgoblin zombies
  19 kobolds
  13 quokkas
  12 rats
  2 rat skeletons
  A spectral orc (Lair:3)
  2 ballistomycetes (D:8)
  2 fungi
  3 plants (Lair:8)
864 creatures vanquished.

Vanquished Creatures (others)
  2 orc wizards (D:7)
  A hobgoblin (Orc:4)
  A rat (D:6)
  2 fungi
  6 plants (Lair:8)
12 creatures vanquished.

Grand Total: 876 creatures vanquished

Notes
Turn   | Place    | Note
--------------------------------------------------------------
     0 | D:1      | Hodglim, the High Elf Conjurer, began the quest for the Orb.
     0 | D:1      | Reached XP level 1. HP: 11/11 MP: 4/4
   345 | D:1      | Reached XP level 2. HP: 17/17 MP: 3/6
   443 | D:1      | Learned a level 2 spell: Searing Ray
   912 | D:2      | Reached XP level 3. HP: 17/21 MP: 7/10
  1219 | D:2      | Reached skill level 5 in Conjurations
  1466 | D:2      | Found an opulent altar of Gozag.
  1741 | D:3      | Noticed Natasha
  1745 | D:3      | Killed Natasha
  1745 | D:3      | Reached XP level 4. HP: 15/27 MP: 7/14
  2219 | D:3      | Learned a level 4 spell: Iskenderun's Mystic Blast
  2224 | D:3      | Found a bloodstained altar of Trog.
  2264 | D:3      | Noticed Natasha
  2267 | D:3      | Killed Natasha
  2406 | D:3      | Reached XP level 5. HP: 21/31 MP: 11/16
  2508 | D:3      | Reached skill level 6 in Conjurations
  2514 | D:3      | Noticed Natasha
  2515 | D:3      | Killed Natasha
  3151 | D:3      | Noticed Crazy Yiuf
  3153 | D:3      | Killed Crazy Yiuf
  3153 | D:3      | Reached skill level 5 in Spellcasting
  3247 | D:4      | Learned a level 5 spell: Iskenderun's Battlesphere
  3301 | D:4      | Reached skill level 1 in Charms
  3361 | D:4      | Reached XP level 6. HP: 32/36 MP: 16/20
  3789 | D:4      | Reached XP level 7. HP: 29/41 MP: 13/22
  3799 | D:4      | Reached skill level 7 in Conjurations
  4404 | D:4      | Noticed Edmund
  4459 | D:4      | Killed Edmund
  4702 | D:4      | Got a transparent large shield
  5027 | D:4      | Identified the cursed -2 large shield of Imperfection {+Blink +Rage MR++} (You found it on level 4 of the Dungeon)
  5088 | D:5      | Entered Level 5 of the Dungeon
  5472 | D:5      | Reached skill level 5 in Charms
  5472 | D:5      | Reached XP level 8. HP: 44/46 MP: 14/24
  5535 | D:5      | Noticed an air elemental
  5537 | D:5      | Found a stormy altar of Qazlal.
  5541 | D:5      | Noticed a fire elemental
  5541 | D:5      | Noticed a water elemental
  6044 | D:6      | Found a staircase to the Ecumenical Temple.
  6056 | Temple   | Entered the Ecumenical Temple
  6171 | D:6      | Reached skill level 8 in Conjurations
  6355 | D:6      | Found a basalt altar of Yredelemnul.
  6356 | D:6      | Reached skill level 1 in Shields
  6789 | D:6      | Found a radiant altar of Vehumet.
  6918 | D:6      | Became a worshipper of Vehumet
  7093 | D:6      | Reached XP level 9. HP: 34/51 MP: 7/27
  7394 | D:6      | Found a glowing golden altar of the Shining One.
  7395 | D:6      | Noticed an angel
  7409 | D:6      | Found a basalt altar of Yredelemnul.
  7411 | D:6      | Noticed a profane servitor
  7917 | D:7      | Found Ciagruis' Gadget Emporium.
  8303 | D:7      | Reached skill level 9 in Conjurations
  9698 | D:8      | Acquired Vehumet's first power
  9698 | D:8      | Offered knowledge of Shock by Vehumet.
 10109 | D:8      | Reached skill level 10 in Conjurations
 10109 | D:8      | Reached XP level 10. HP: 48/56 MP: 24/30
 10600 | D:8      | Found a deep blue altar of Sif Muna.
 10618 | D:8      | Offered knowledge of Flame Tongue by Vehumet.
 10622 | D:8      | Learned a level 1 spell: Flame Tongue
 10968 | D:8      | Reached skill level 10 in Spellcasting
 11024 | D:8      | Reached skill level 1 in Fire Magic
 11705 | D:9      | Noticed a cyclops
 11711 | D:9      | Reached skill level 10 in Charms
 11727 | D:9      | Killed a cyclops
 12198 | D:9      | Found a deep blue altar of Sif Muna.
 12379 | D:9      | Reached skill level 11 in Charms
 12595 | D:9      | Offered knowledge of Stone Arrow by Vehumet.
 12600 | D:9      | Learned a level 3 spell: Stone Arrow
 12614 | D:9      | Reached skill level 5 in Fire Magic
 12710 | D:9      | Reached XP level 11. HP: 25/61 MP: 10/31
 12924 | D:9      | Found a staircase to the Orcish Mines.
 12962 | D:9      | Reached skill level 5 in Dodging
 12970 | D:9      | Acquired Vehumet's second power
 13373 | D:9      | Found a staircase to the Lair.
 13534 | D:9      | Found a blossoming altar of Fedhas.
 13869 | Lair:1   | Entered Level 1 of the Lair of Beasts
 13892 | Lair:1   | Offered knowledge of Sticky Flame by Vehumet.
 13898 | Lair:1   | Learned a level 4 spell: Sticky Flame
 14199 | Lair:1   | Reached skill level 1 in Armour
 14436 | Lair:1   | Reached skill level 1 in Fighting
 15256 | Lair:2   | Acquired Vehumet's third power
 15274 | Lair:2   | Got a silk robe
 15287 | Lair:2   | Identified the +1 robe of Instinct {Dex+2} (You found it on level 2 of the Lair of Beasts)
 15551 | Lair:2   | Offered knowledge of Olgreb's Toxic Radiance by Vehumet.
 16367 | Lair:3   | Noticed Kashira's ghost (powerful VSBe)
 16565 | Lair:3   | Found a staircase to the Swamp.
 16592 | Lair:3   | Got a twisted quarterstaff
 16745 | Lair:3   | Noticed Nergalle
 16977 | Lair:3   | Killed Kashira's ghost
 16977 | Lair:3   | Reached skill level 5 in Armour
 17067 | Lair:3   | Got a steaming leather armour
 17124 | Lair:3   | Identified the cursed -2 leather armour of the Other World {Str+5 Int-2} (You found it on level 3 of the Lair of Beasts)
 17194 | Lair:3   | Noticed a spectral orc warlord
 17484 | Orc:1    | Entered Level 1 of the Orcish Mines
 17484 | Orc:1    | Noticed Snorg
 17509 | D:9      | Killed Snorg
 17509 | D:9      | Reached XP level 12. HP: 26/72 MP: 14/32
 17868 | Orc:1    | Noticed Gastronok
 17878 | Orc:1    | Killed Gastronok
 17882 | Orc:1    | Offered knowledge of Bolt of Cold by Vehumet.
 18112 | Orc:2    | Found Thidupno's Magic Scroll Emporium.
 18116 | Orc:2    | Bought a scroll of identify for 30 gold pieces
 18116 | Orc:2    | Bought a scroll of enchant weapon for 112 gold pieces
 18116 | Orc:2    | Bought a scroll of blinking for 112 gold pieces
 18365 | Orc:2    | Noticed Psyche
 18371 | Orc:2    | Killed Psyche
 18442 | Orc:2    | Found a flagged portal.
 18460 | Bailey   | Entered a bailey
 19023 | Bailey   | Got a steaming lead amulet
 19027 | Bailey   | Identified the amulet of Trebb {Str+5 Int+4 Regen} (You found it in a bailey)
 19364 | Orc:2    | Found Psocvu's Gadget Boutique.
 19435 | Orc:2    | Found Tastushu's Antique Weapon Emporium.
 19533 | Orc:2    | Found Khoacaev's Magic Scroll Shoppe.
 19550 | Orc:2    | Bought a scroll of blinking for 112 gold pieces
 19550 | Orc:2    | Bought a scroll of teleportation for 45 gold pieces
 19722 | Orc:2    | Bought a scroll of identify for 30 gold pieces
 19727 | Orc:3    | Found a staircase to the Elven Halls.
 19727 | Orc:3    | Found Vetebab's Weapon Shop.
 19733 | Orc:3    | Offered knowledge of Ignite Poison by Vehumet.
 19857 | Orc:1    | Noticed Dowan
 19857 | Orc:1    | Noticed Duvessa
 19864 | Orc:1    | Killed Duvessa
 19870 | Orc:1    | Killed Dowan
 20164 | Orc:1    | Identified the +3 quarterstaff of Subterfuge {distort, rElec SInv} (You found it on level 3 of the Lair of Beasts)
 20526 | Orc:3    | Found a roughly hewn altar of Beogh.
 20965 | Orc:4    | Entered Level 4 of the Orcish Mines
 21702 | Orc:4    | Reached skill level 10 in Fire Magic
 21755 | Orc:4    | Noticed an orc warlord
 22265 | Lair:3   | Noticed a death yak
 22266 | Lair:3   | Noticed a death yak
 22272 | Lair:3   | Killed a death yak
 22284 | Lair:3   | Killed a death yak
 22378 | Lair:3   | Killed Nergalle
 22987 | Lair:3   | Offered knowledge of Lee's Rapid Deconstruction by Vehumet.
 23004 | Lair:3   | Reached skill level 5 in Fighting
 23566 | Lair:4   | Found a staircase to the Shoals.
 23709 | Lair:4   | Reached XP level 13. HP: 81/81 MP: 24/34
 23941 | Lair:4   | Noticed a six-headed hydra
 23950 | Lair:4   | Killed a six-headed hydra
 24029 | Lair:4   | Found a staircase to the Snake Pit.
 24262 | Lair:4   | Reached skill level 12 in Spellcasting
 24626 | Lair:5   | Noticed Maud
 24655 | Lair:5   | Killed Maud
 25564 | Lair:5   | Offered knowledge of Bolt of Draining by Vehumet.
 25571 | Lair:5   | Learned a level 5 spell: Bolt of Draining
 26176 | Lair:6   | Found a viscous altar of Jiyva.
 26177 | Lair:6   | Found a staircase to the Slime Pits.
 26905 | Lair:7   | Noticed Harold
 26913 | Lair:7   | Killed Harold
 27095 | Lair:7   | Reached skill level 13 in Spellcasting
 27414 | Lair:7   | Found a sacrificial altar of Ru.
 27496 | Lair:7   | Noticed Tangento's ghost (powerful GrFi)
 27514 | Lair:7   | Killed Tangento's ghost
 27949 | Lair:8   | Entered Level 8 of the Lair of Beasts
 28886 | Lair:8   | Reached XP level 14. HP: 86/88 MP: 32/36
 29529 | Lair:8   | Offered knowledge of Iron Shot by Vehumet.
 29541 | Lair:8   | Learned a level 6 spell: Iron Shot
 29722 | Lair:8   | Reached skill level 1 in Earth Magic
 30411 | Lair:8   | HP: 2/88 [ice dragon/blast of cold (42)]
 30412 | Lair:8   | Slain by an ice dragon

Action                   |  1- 3 |  4- 6 |  7- 9 | 10-12 | 13-15 || total
-------------------------+-------+-------+-------+-------+-------++-------
Melee: Dagger            |     4 |       |       |       |       ||     4
       Long sword        |     5 |    13 |       |       |       ||    18
       Falchion          |       |     2 |     9 |    19 |       ||    30
       Quarterstaff      |       |       |       |     4 |    29 ||    33
 Cast: Magic Dart        |    70 |    95 |   340 |   351 |    61 ||   917
       Searing Ray       |     5 |     7 |    41 |    21 |     8 ||    82
       Iskenderun's Myst |       |     7 |    32 |    50 |     4 ||    93
       Iskenderun's Batt |       |       |     2 |    48 |    29 ||    79
       Flame Tongue      |       |       |       |   593 |   352 ||   945
       Sticky Flame      |       |       |       |    87 |   108 ||   195
       Stone Arrow       |       |       |       |     8 |    17 ||    25
       Bolt of Draining  |       |       |       |       |     2 ||     2
 Abil: Evoke Blink       |       |       |     1 |       |       ||     1
Evoke: Wand              |       |       |       |     6 |     1 ||     7
  Use: Scroll            |       |     5 |     5 |     7 |     7 ||    24
       Potion            |       |     1 |       |     4 |     2 ||     7
 Stab: Sleeping          |       |     1 |     1 |       |       ||     2
  Eat: Chunk             |     2 |     8 |    18 |    31 |    19 ||    78
       Beef jerky        |       |       |     2 |     5 |       ||     7
       Fruit             |       |       |       |     9 |     6 ||    15
